EVO
RICE UNIVERSITY OWLS @ UNIVERSITY OF NORTH CAROLINA AT CHAPEL HILL TAR HEELS
12/05/2046
 
TOP OF THE 1ST
Rice University Owls batting - Pitching for University of North Carolina at Chapel Hill Tar Heels : LHP Nassim Toussaint
Pitching: LHP Nassim Toussaint
Batting: SHB Yu-hsui Lew 0-0: Ball
1-0: Swinging Strike
1-1: Foul Ball, location: 2F
1-2: Ball
2-2: Ground out 5-3 (Groundball, 56, EV 103.1 MPH)
Batting: LHB David Coatney 0-0: Ball
1-0: Ball
2-0: Ball
3-0: Called Strike
3-1: Base on Balls
Batting: RHB Fred Saxton 0-0: Called Strike
0-1: Foul Ball, location: 2F
0-2: Ball
1-2: Strikes out looking
Batting: SHB Joan Coucieiro 0-0: Ball
1-0: Ball
2-0: Ball
3-0: Called Strike
3-1: Foul Ball, location: 2F
3-2: SINGLE (Line Drive, 9S, EV 99.4 MPH)
David Coatney to second
David Coatney to third
Batting: RHB Jordan Dugue 0-0: Ball
1-0: SINGLE (Groundball, 6MD, EV 98.8 MPH)
David Coatney scores
Joan Coucieiro to second
Batting: LHB Eddie Lemus 0-0: Called Strike
0-1: 3-RUN HOME RUN (Flyball, 9D, EV 95.6 MPH), Distance : 371 ft
Batting: RHB Yu-zeng Mai 0-0: Ball
1-0: DOUBLE (Line Drive, 8LXD, EV 101.9 MPH)
Batting: RHB Russ Kennett 0-0: Ball
1-0: Foul Ball, location: 2F
1-1: DOUBLE (Flyball, 78D, EV 108.1 MPH)
Yu-zeng Mai scores
Batting: LHB Willie Marquez 0-0: Ball
1-0: Swinging Strike
1-1: Called Strike
1-2: Ball
2-2: Strikes out swinging
Top of the 1st over - 5 runs, 5 hits, 0 errors, 1 left on base; Rice University 5 - University of North Carolina at Chapel Hill 0
BOTTOM OF THE 1ST
University of North Carolina at Chapel Hill Tar Heels batting - Pitching for Rice University Owls : RHP Bror Wuopio
Pitching: RHP Bror Wuopio
Batting: RHB Bill Atley 0-0: Ball
1-0: Called Strike
1-1: Fly out, F8 (Flyball, 89M, EV 90.0 MPH)
Batting: RHB Juan Mejia 0-0: SINGLE (Line Drive, 8RS, EV 111.2 MPH)
Batting: RHB Jeremy Rollins 0-0: Called Strike
0-1: Foul Ball, location: 2F
0-2: Foul Ball, location: 2F
0-2: Strikes out swinging
Batting: RHB Fernando Mejia 0-0: Called Strike
0-1: Ball
1-1: Foul Ball, location: 2F
1-2: Fly out, F8 (Line Drive, 8LD, EV 103.1 MPH)
Bottom of the 1st over - 0 runs, 1 hit, 0 errors, 1 left on base; Rice University 5 - University of North Carolina at Chapel Hill 0
TOP OF THE 2ND
Rice University Owls batting - Pitching for University of North Carolina at Chapel Hill Tar Heels : LHP Nassim Toussaint
Batting: SHB Yu-hsui Lew 0-0: Ground out 4-3 (Groundball, 4, EV 104.4 MPH)
Batting: LHB David Coatney 0-0: Ball
1-0: Ground out 6-3 (Groundball, 56, EV 104.4 MPH)
Batting: RHB Fred Saxton 0-0: Ball
1-0: Called Strike
1-1: Fly out, F7 (Flyball, 7, EV 88.1 MPH)
Top of the 2nd over - 0 runs, 0 hits, 0 errors, 0 left on base; Rice University 5 - University of North Carolina at Chapel Hill 0
BOTTOM OF THE 2ND
University of North Carolina at Chapel Hill Tar Heels batting - Pitching for Rice University Owls : RHP Bror Wuopio
Batting: RHB Paul Holland 0-0: Ball
1-0: Ball
2-0: Swinging Strike
2-1: Called Strike
2-2: Strikes out swinging
Batting: SHB Rob Haney 0-0: Ground out 6-3 (Groundball, 6, EV 96.2 MPH)
Batting: SHB Tom Auld 0-0: Called Strike
0-1: Ball
1-1: Foul Ball, location: 2F
1-2: Reached on error, E4 (Groundball, 4, EV 100.0 MPH)
Batting: LHB Tim Wilton 0-0: Ball
1-0: Ball
2-0: Foul Ball, location: 2F
2-1: Foul Ball, location: 2F
2-2: Strikes out swinging
Bottom of the 2nd over - 0 runs, 0 hits, 1 error, 1 left on base; Rice University 5 - University of North Carolina at Chapel Hill 0
TOP OF THE 3RD
Rice University Owls batting - Pitching for University of North Carolina at Chapel Hill Tar Heels : LHP Nassim Toussaint
Batting: SHB Joan Coucieiro 0-0: Ball
1-0: Swinging Strike
1-1: Foul Ball, location: 2F
1-2: Ground out 5-3 (Groundball, 56S, EV 88.8 MPH)
Batting: RHB Jordan Dugue 0-0: Called Strike
0-1: Fly out, F6 (Popup, 6MS, EV 70.0 MPH)
Batting: LHB Eddie Lemus 0-0: Fly out, F8 (Flyball, 78S, EV 88.1 MPH)
Top of the 3rd over - 0 runs, 0 hits, 0 errors, 0 left on base; Rice University 5 - University of North Carolina at Chapel Hill 0
BOTTOM OF THE 3RD
University of North Carolina at Chapel Hill Tar Heels batting - Pitching for Rice University Owls : RHP Bror Wuopio
Batting: RHB James Bickel 0-0: Fly out, F9 (Flyball, 9S, EV 75.6 MPH)
Batting: RHB Bill Atley 0-0: Ball
1-0: Ball
2-0: Called Strike
2-1: Fly out, F8 (Flyball, 89M, EV 89.4 MPH)
Batting: RHB Juan Mejia 0-0: Called Strike
0-1: Ball
1-1: Ball
2-1: Fly out, F5 (Line Drive, 5, EV 67.5 MPH)
Bottom of the 3rd over - 0 runs, 0 hits, 0 errors, 0 left on base; Rice University 5 - University of North Carolina at Chapel Hill 0
TOP OF THE 4TH
Rice University Owls batting - Pitching for University of North Carolina at Chapel Hill Tar Heels : LHP Nassim Toussaint
Batting: RHB Yu-zeng Mai 0-0: Ball
1-0: Ball
2-0: Ground out 5-3 (Groundball, 56, EV 83.1 MPH)
Batting: RHB Russ Kennett 0-0: Ball
1-0: Ball
2-0: Ball
3-0: Base on Balls
Pitching: RHP Alex Aldaya
Batting: LHB Willie Marquez 0-0: Called Strike
Russ Kennett steals 2nd, throwing error, E2
Russ Kennett to third
0-1: Called Strike
0-2: Foul Ball, location: 2F
0-2: SINGLE (Line Drive, 5D, EV 97.5 MPH)
Russ Kennett scores
Pitching: RHP Didier Pages
Batting: SHB Yu-hsui Lew 0-0: Ball
1-0: Ball
2-0: Foul Ball, location: 2F
2-1: Called Strike
2-2: Foul Ball, location: 2F
2-2: Foul Ball, location: 2F
2-2: Ball
3-2: Foul Ball, location: 2F
3-2: Strikes out looking
Batting: LHB David Coatney 0-0: SINGLE (Line Drive, 7S, EV 96.2 MPH)
Willie Marquez to second
Batting: RHB Fred Saxton 0-0: Foul Ball, location: 2F
0-1: Foul Ball, location: 2F
0-2: Ball
1-2: Ball
2-2: SINGLE (Line Drive, 78S, EV 109.4 MPH)
Willie Marquez to third
David Coatney to second
Batting: SHB Joan Coucieiro 0-0: Ball
1-0: Swinging Strike
1-1: Foul Ball, location: 2F
1-2: Ball
2-2: Ball
3-2: Ground out U3 (Groundball, 3, EV 81.2 MPH)
Top of the 4th over - 1 run, 3 hits, 1 error, 3 left on base; Rice University 6 - University of North Carolina at Chapel Hill 0
BOTTOM OF THE 4TH
University of North Carolina at Chapel Hill Tar Heels batting - Pitching for Rice University Owls : RHP Bror Wuopio
Batting: RHB Jeremy Rollins 0-0: Ball
1-0: Foul Ball, location: 2F
1-1: Ball
2-1: Foul Ball, location: 2F
2-2: Ball
3-2: Fly out, F8 (Flyball, 8LXD, EV 88.8 MPH)
Batting: RHB Fernando Mejia 0-0: Foul Ball, location: 2F
0-1: Ball
1-1: Fly out, F9 (Flyball, 9, EV 85.6 MPH)
Batting: RHB Paul Holland 0-0: Ball
1-0: Called Strike
1-1: Ball
2-1: SINGLE (Line Drive, 6D, EV 103.8 MPH)
Batting: SHB Rob Haney 0-0: Called Strike
0-1: Reached on error, E3 (Groundball, 23, EV 85.6 MPH)
Paul Holland to second
Batting: SHB Tom Auld 0-0: Called Strike
0-1: Called Strike
0-2: Ball
1-2: Ball
2-2: Strikes out swinging
Bottom of the 4th over - 0 runs, 1 hit, 1 error, 2 left on base; Rice University 6 - University of North Carolina at Chapel Hill 0
TOP OF THE 5TH
Rice University Owls batting - Pitching for University of North Carolina at Chapel Hill Tar Heels : RHP Didier Pages
Batting: RHB Jordan Dugue 0-0: Swinging Strike
0-1: Ball
1-1: Foul Ball, location: 2F
1-2: Strikes out looking
Batting: LHB Eddie Lemus 0-0: Ball
1-0: Ball
2-0: Called Strike
2-1: Ball
3-1: Called Strike
3-2: Strikes out looking
Batting: RHB Yu-zeng Mai 0-0: Ball
1-0: Called Strike
1-1: Ground out 3-1 (Groundball, 34, EV 77.5 MPH)
Top of the 5th over - 0 runs, 0 hits, 0 errors, 0 left on base; Rice University 6 - University of North Carolina at Chapel Hill 0
BOTTOM OF THE 5TH
University of North Carolina at Chapel Hill Tar Heels batting - Pitching for Rice University Owls : RHP Bror Wuopio
Batting: LHB Tim Wilton 0-0: Ball
1-0: Swinging Strike
1-1: Swinging Strike
1-2: Foul Ball, location: 2F
1-2: Strikes out swinging
Batting: RHB James Bickel 0-0: Called Strike
0-1: Ball
1-1: Ball
2-1: Fly out, F9 (Flyball, 89S, EV 95.0 MPH)
Batting: RHB Bill Atley 0-0: Ball
1-0: Called Strike
1-1: Ball
2-1: Ball
3-1: Foul Ball, location: 2F
3-2: Strikes out swinging
Bottom of the 5th over - 0 runs, 0 hits, 0 errors, 0 left on base; Rice University 6 - University of North Carolina at Chapel Hill 0
TOP OF THE 6TH
Rice University Owls batting - Pitching for University of North Carolina at Chapel Hill Tar Heels : RHP Didier Pages
Pitching: RHP C.J. Dombrowski
Batting: RHB Russ Kennett 0-0: SINGLE (Line Drive, 7LS, EV 110.6 MPH)
Batting: LHB Willie Marquez 0-0: Called Strike
0-1: Ball
1-1: Ball
2-1: Swinging Strike
2-2: DOUBLE (Flyball, 8RXD, EV 103.1 MPH)
Russ Kennett to third
Pitching: RHP Bobby Franco
Batting: SHB Yu-hsui Lew 0-0: Foul Ball, location: 2F
0-1: Ball
1-1: 3-RUN HOME RUN (Flyball, 9LD, EV 96.2 MPH), Distance : 350 ft
Batting: LHB David Coatney 0-0: Ball
1-0: Ball
2-0: SINGLE (Groundball, 3S, EV 63.1 MPH) (infield hit)
Batting: RHB Fred Saxton 0-0: Ball
1-0: SINGLE (Groundball, 4MD, EV 110.0 MPH)
David Coatney to second
Batting: SHB Joan Coucieiro 0-0: Foul Ball, location: 2F
0-1: Called Strike
0-2: Ball
1-2: Strikes out looking
Batting: RHB Jordan Dugue 0-0: Grounds into double play, 6-4-3 (Groundball, 6, EV 86.9 MPH)
Top of the 6th over - 3 runs, 5 hits, 0 errors, 1 left on base; Rice University 9 - University of North Carolina at Chapel Hill 0
BOTTOM OF THE 6TH
University of North Carolina at Chapel Hill Tar Heels batting - Pitching for Rice University Owls : RHP Bror Wuopio
Batting: RHB Juan Mejia 0-0: Ground out 6-3 (Groundball, P, EV 83.8 MPH)
Batting: RHB Jeremy Rollins 0-0: Ball
1-0: Ball
2-0: Swinging Strike
2-1: Ball
3-1: Swinging Strike
3-2: Foul Ball, location: 2F
3-2: SINGLE (Flyball, 6D, EV 88.1 MPH)
Batting: RHB Fernando Mejia 0-0: Ball
1-0: Ball
2-0: Ball
3-0: Called Strike
3-1: Foul Ball, location: 2F
3-2: Base on Balls
Jeremy Rollins to second
Pitching: LHP Killian Wellman
Batting: RHB Paul Holland 0-0: Called Strike
0-1: Ball
1-1: Ball
Passed Ball!
Jeremy Rollins to third
Fernando Mejia to second
2-1: DOUBLE (Line Drive, 78XD, EV 110.0 MPH)
Jeremy Rollins scores
Fernando Mejia scores
Batting: SHB Rob Haney 0-0: Called Strike
0-1: Ground out 5-3 (Groundball, 5L, EV 90.6 MPH)
Batting: SHB Tom Auld 0-0: Foul Ball, location: 2F
0-1: Ball
1-1: Ball
2-1: Foul Ball, location: 2F
2-2: Ground out 4-3 (Groundball, 4S, EV 70.0 MPH)
Bottom of the 6th over - 2 runs, 2 hits, 0 errors, 1 left on base; Rice University 9 - University of North Carolina at Chapel Hill 2
TOP OF THE 7TH
Rice University Owls batting - Pitching for University of North Carolina at Chapel Hill Tar Heels : RHP Bobby Franco
Batting: LHB Eddie Lemus 0-0: Ball
1-0: Called Strike
1-1: Swinging Strike
1-2: Strikes out swinging
Batting: RHB Yu-zeng Mai 0-0: Called Strike
0-1: Ground out 3-1 (Groundball, 34S, EV 79.4 MPH)
Batting: RHB Russ Kennett 0-0: Swinging Strike
0-1: Fly out, F6 (Popup, P, EV 79.4 MPH)
Top of the 7th over - 0 runs, 0 hits, 0 errors, 0 left on base; Rice University 9 - University of North Carolina at Chapel Hill 2
BOTTOM OF THE 7TH
University of North Carolina at Chapel Hill Tar Heels batting - Pitching for Rice University Owls : LHP Killian Wellman
Batting: LHB Tim Wilton 0-0: Ground out 5-3 (Groundball, 5, EV 83.1 MPH)
Batting: RHB James Bickel 0-0: Ball
1-0: Foul Ball, location: 2F
1-1: Ground out 6-3 (Groundball, 6MS, EV 84.4 MPH)
Batting: RHB Bill Atley 0-0: Called Strike
0-1: Ball
1-1: Swinging Strike
1-2: Foul Ball, location: 2F
1-2: Ball
2-2: Foul Ball, location: 2F
2-2: Ball
3-2: SINGLE (Line Drive, 34D, EV 109.4 MPH)
Batting: RHB Juan Mejia 0-0: Foul Ball, location: 2F
0-1: Foul Ball, location: 2F
0-2: Ball
1-2: Strikes out swinging
Bottom of the 7th over - 0 runs, 1 hit, 0 errors, 1 left on base; Rice University 9 - University of North Carolina at Chapel Hill 2
TOP OF THE 8TH
Rice University Owls batting - Pitching for University of North Carolina at Chapel Hill Tar Heels : RHP Bobby Franco
Batting: LHB Willie Marquez 0-0: Called Strike
0-1: Fly out, F3 (Popup, 3F, EV 65.0 MPH)
Batting: SHB Yu-hsui Lew 0-0: Swinging Strike
0-1: Ball
1-1: Foul Ball, location: 2F
1-2: Foul Ball, location: 2F
1-2: Hit by Pitch
Pitching: RHP Vince Sumpter
Batting: LHB David Coatney 0-0: Ball
Wild Pitch!
Yu-hsui Lew to second
1-0: Foul Ball, location: 2F
1-1: Ground out 5-3 (Groundball, 56, EV 80.6 MPH)
Batting: RHB Fred Saxton 0-0: Ball
1-0: Ball
2-0: Called Strike
2-1: Ball
3-1: Base on Balls
Batting: SHB Joan Coucieiro 0-0: Ball
1-0: Ball
2-0: Called Strike
2-1: Ball
3-1: Foul Ball, location: 2F
3-2: Fly out, F8 (Flyball, 8LS, EV 95.6 MPH)
Top of the 8th over - 0 runs, 0 hits, 0 errors, 2 left on base; Rice University 9 - University of North Carolina at Chapel Hill 2
BOTTOM OF THE 8TH
University of North Carolina at Chapel Hill Tar Heels batting - Pitching for Rice University Owls : LHP Killian Wellman
Pitching: RHP Nathan Tamburrino
Batting: RHB Jeremy Rollins 0-0: Foul Ball, location: 2F
0-1: Ball
1-1: Foul Ball, location: 2F
1-2: Fly out, F8 (Flyball, 8LD, EV 104.4 MPH)
Pinch Hitting: LHB Ron de Vos 0-0: Called Strike
0-1: Foul Ball, location: 2F
0-2: Ball
1-2: Ball
2-2: Foul Ball, location: 2F
2-2: Fly out, F8 (Flyball, 8RM, EV 95.0 MPH)
Batting: RHB Paul Holland 0-0: Ball
1-0: Called Strike
1-1: Swinging Strike
1-2: Strikes out swinging
Bottom of the 8th over - 0 runs, 0 hits, 0 errors, 0 left on base; Rice University 9 - University of North Carolina at Chapel Hill 2
TOP OF THE 9TH
Rice University Owls batting - Pitching for University of North Carolina at Chapel Hill Tar Heels : RHP Vince Sumpter
Now at 2B: Bill Atley
Now in LF: Jonathan Winkler
Batting: RHB Jordan Dugue 0-0: Ball
1-0: Fly out, F4 (Popup, 34S, EV 71.2 MPH)
Batting: LHB Eddie Lemus 0-0: Foul Ball, location: 2F
0-1: Swinging Strike
0-2: Ball
1-2: Ball
2-2: Strikes out swinging
Batting: RHB Yu-zeng Mai 0-0: Ball
1-0: Called Strike
1-1: Ball
2-1: Called Strike
2-2: Fly out, F3 (Line Drive, 3, EV 69.4 MPH)
Top of the 9th over - 0 runs, 0 hits, 0 errors, 0 left on base; Rice University 9 - University of North Carolina at Chapel Hill 2
BOTTOM OF THE 9TH
University of North Carolina at Chapel Hill Tar Heels batting - Pitching for Rice University Owls : RHP Nathan Tamburrino
Pinch Hitting: RHB Brandon Wilson 0-0: Called Strike
0-1: Ball
1-1: Ball
2-1: Swinging Strike
2-2: Strikes out looking
Pinch Hitting: RHB Jeff Parlo 0-0: Ball
1-0: Called Strike
1-1: DOUBLE (Line Drive, 9LS, EV 101.2 MPH)
Pitching: LHP Joel Brown
Batting: LHB Tim Wilton 0-0: Foul Ball, location: 2F
0-1: Ball
1-1: Foul Ball, location: 2F
1-2: Ball
2-2: Fly out, F7 (Flyball, 7S, EV 94.4 MPH)
Batting: RHB James Bickel 0-0: Ball
1-0: Ball
2-0: Foul Ball, location: 2F
2-1: Ball
3-1: Base on Balls
Batting: RHB Bill Atley 0-0: Ball
1-0: Ball
2-0: Foul Ball, location: 2F
2-1: Ball
3-1: Foul Ball, location: 2F
3-2: Foul Ball, location: 2F
3-2: Strikes out swinging
Bottom of the 9th over - 0 runs, 1 hit, 0 errors, 2 left on base; Rice University 9 - University of North Carolina at Chapel Hill 2
Tuesday, September 13th , 2022 - OOTP Baseball 23.7 Build 88